 Dungeon Crawl Stone Soup version 0.28-a0-1447-ga5a8893891 (webtiles) character file.

Game seed: 888550704507712590

91 browni3141 the Shield-Bearer (level 4, -6/35 HPs)
             Began as a Human Fighter on Jan 11, 2022.
             Mangled by an orc (7 damage)
             ... on level 3 of the Dungeon.
             The game lasted 00:13:30 (1749 turns).

browni3141 the Shield-Bearer (Human Fighter)        Turns: 1749, Time: 00:13:30

Health: -6/35      AC:  8    Str: 19    XL:     4   Next: 87%
Magic:  4/4        EV:  9    Int:  8    God:
Gold:   85         SH:  5    Dex: 12    Spells: 3/3 levels left

rFire   . . .      SeeInvis .   a - +0 long sword
rCold   . . .      Faith    .   c - +0 buckler
rNeg    . . .      Spirit   .   o - +0 scale mail
rPois   .          Reflect  .   (no helmet)
rElec   .          Harm     .   m - +1 cloak
rCorr   .          Rampage  .   (no gloves)
Will    .....                   (no boots)
Stlth   ..........              (no amulet)
HPRegen 0.11/turn               (no ring)
MPRegen 0.09/turn               (no ring)

@: no status effects
A: no striking features
a: no special abilities


You were on level 3 of the Dungeon.
You visited 1 branch of the dungeon, and saw 3 of its levels.

You collected 85 gold pieces.

Inventory:

Hand Weapons
 a - a +0 long sword (weapon)
 b - a +0 hunting sling
Missiles
 i - 41 stones (quivered)
Armour
 c - a +0 buckler (worn)
 k - a +0 chain mail
 m - a +1 cloak (worn)
 o - a +0 scale mail (worn)
Scrolls
 p - a scroll of noise {unknown}
Potions
 d - a potion of flight {unknown}
 f - a potion of brilliance {unknown}
 h - a potion of curing {unknown}
 j - a potion of degeneration {unknown}
 n - a potion of heal wounds
 q - 2 potions of lignification {unknown}


   Skills:
 - Level 3.0 Fighting
 + Level 3.3 Long Blades
 + Level 1.4 Slings
 - Level 3.0 Armour
 - Level 4.0 Shields


You had 3 spell levels left.
You didn't know any spells.
Your spell library was empty.

Dungeon Overview and Level Annotations

Branches:
Dungeon (3/15)

Altars:

Annotations:
D:1 exclusion: downstairs


Message History

You block the slug dart.
The orc shouts!
You slash the dart slug!
You kill the dart slug!
There is a stone staircase leading up here.
A goblin comes into view. It is wielding a +0 club.
The goblin shouts!
The ball python hisses angrily.
The orc closely misses you.
There is a stone staircase leading up here.
You barely miss the orc. The orc hits you with a +0 trident.
You hit the orc but do no damage. You block the orc's attack.
The ball python bites you but does no damage.
The ball python grabs you. The ball python constricts you.
You hit the orc.
The orc is moderately wounded.
The ball python bites you but does no damage.
The ball python constricts you. The orc hits you with a +0 trident.
The ball python barely misses you. The ball python constricts you.
The orc closely misses you.
A dart slug comes into view.
You escape the ball python's grasp.
The orc priest calls upon Beogh to heal the orc.
The orc's wounds heal themselves!
The orc hits you with a +0 trident. The ball python barely misses you.
The ball python grabs you.
You stop ascending the stairs.
The ball python constricts you. The goblin hits you with a +0 club.
You barely miss the ball python. You block the ball python's attack.
The ball python constricts you. The orc hits you but does no damage.
The goblin hits you but does no damage. The orc hits you with a +0 whip.
Unknown command.
You slash the ball python!
You kill the ball python!
The orc misses you. You block the goblin's attack.
The orc hits you but does no damage.
Unknown command.
The orc priest mumbles some strange prayers to Beogh against you.
Pain shoots through your body!
* * * LOW HITPOINT WARNING * * *
The orc hits you with a +0 trident!
You die...

#....#####.###...##
.
##....####..#.....#
#..#..#............
##. #w...$.........
#...#..............
..#.#..............
.................K.
..)......o†o.......
#.......g@........
#.......o.........
..##..(..........
##.(...........
#..#..#####.###
#.###.# ..# #.#
#..# ... #.# ##.# .
..# ..


You could see an orc priest, a dart slug, 2 orcs, a goblin and a kobold.

Vanquished Creatures
  Jessica (D:2)
  An adder (D:2)
  A worm (D:2)
  3 dart slugs
  8 ball pythons
  5 bats
  3 endoplasms
  2 giant cockroaches (D:1)
  3 hobgoblins
  4 jackals
  3 kobolds
  5 frilled lizards
  5 goblins
  3 rats
47 creatures vanquished.

Vanquished Creatures (others)
  3 plants (D:1)
3 creatures vanquished.

Grand Total: 50 creatures vanquished

Notes
Turn   | Place    | Note
-------+----------+-------------------------------------------
     0 | D:1      | browni3141 the Human Fighter began the quest for the Orb.
     0 | D:1      | Reached XP level 1. HP: 18/18 MP: 1/1
    71 | D:2      | Reached XP level 2. HP: 20/24 MP: 2/2
   443 | D:1      | Reached skill level 4 in Shields
   443 | D:1      | Reached XP level 3. HP: 28/29 MP: 3/3
  1149 | D:2      | Reached XP level 4. HP: 19/35 MP: 4/4
  1468 | D:2      | Noticed Jessica
  1479 | D:2      | Killed Jessica
  1480 | D:2      | Reached skill level 1 in Slings
  1503 | D:2      | You fall into a shaft and drop 1 floor!
  1749 | D:3      | HP: 1/35 [orc priest/nerve-wracking pain (14)]
  1749 | D:3      | Mangled by an orc

Illustrated notes

Levels and vault maps discovered:
D:1:      dpeg_arrival_water_temple_mockup, layout_basic, serial_forest,
          infiniplex_forest_lined_room_3, infiniplex_forest_straight_3,
          infiniplex_forest_zigzag_2, infiniplex_forest_end_2,
          infiniplex_forest_lined_3, infiniplex_forest_clump_double,
          infiniplex_forest_lined_4_way, infiniplex_forest_straight_5
D:2:      layout_rooms, uniq_jessica
D:3:      layout_rooms, minmay_strange_pillars, uniq_natasha

Skill      XL: |  1  2  3  4 |
---------------+-------------+-----
Shields        | 4 |  4.0
Long Blades    | 3 |  3.3
Slings         | 1 |  1.4
Fighting       | |  3.0
Armour         | |  3.0

Action                   |  1- 3 |  4- 6 || total
-------------------------+-------+-------++-------
Melee: Long sword        |   113 |    20 ||   133
 Fire: Hunting sling     |     1 |     8 ||     9
Throw: Stone             |     4 |       ||     4
  Use: Potion            |     1 |     1 ||     2
       Scroll            |       |     3 ||     3
Armor: Scale mail        |    62 |    13 ||    75
Dodge: Dodged            |    55 |    10 ||    65
Block: Buckler           |    32 |     7 ||    39

Table legend: (Time is in decaauts)
 A = Elapsed time spent in this place.
 B = Non-inter-level travel time spent in this place.
 C = Inter-level travel time spent in this place.
 D = Time resting spent in this place.
 E = Time spent auto-exploring this place.
 F = Levels seen in this place.
 G = Mean time per level.
                   A        B        C        D        E       F      G
               +--------+--------+--------+--------+--------+-----+--------+
         Total |   1792 |   1738 |     54 |    414 |    404 |   3 |  597.3 |
       Dungeon |   1792 |   1738 |     54 |    414 |    404 |   3 |  597.3 |
               +--------+--------+--------+--------+--------+-----+--------+

Top non-repeatable levels by time:
     D:2: 1150 daAuts
     D:1: 593 daAuts
     D:3: 49 daAuts
